 Dungeon Crawl Stone Soup version 0.20.1-1-g8b1a95d (webtiles) character file.

162 Monsterracer the Conjurer (level 5, 3/38 HPs)
             Began as a Draconian Wizard on Aug 17, 2017.
             Quit the game on level 2 of the Abyss.
             The game lasted 00:08:21 (3879 turns).

Monsterracer the Conjurer (Draconian Wizard)        Turns: 3879, Time: 00:08:22

Health: 3/38       AC:  6    Str:  9    XL:     5   Next: 19%
Magic:  9/9        EV: 12    Int: 20    God:
Gold:   145        SH:  0    Dex:  9    Spells: 1/10 levels left

rFire    . . .     SeeInvis .   r - -1 long sword (curse)
rCold    . . .     Gourm    .   (no shield)
rNeg     . . .     Faith    .   (armour unavailable)
rPois    .         Spirit   .   a - +1 hat
rElec    .         Reflect  .   (no cloak)
rCorr    .         Harm     .   (no gloves)
MR       .....                  (no boots)
Stlth    ++........             (no amulet)
Regen    0.2/turn               (no ring)
MPRegen  0.2/turn               (no ring)

@: hasted, drained, very quick
A: unfitting armour, cold-blooded, AC +5
a: no special abilities


You were on level 2 of the Abyss.
You were hungry.

You visited 1 branch of the dungeon, and saw 3 of its levels.
You visited the Abyss 1 time.

You collected 145 gold pieces.

Inventory:

Hand Weapons
 r - a cursed -1 long sword (weapon)
 u - a +1 spear
Armour
 a - a +1 hat (worn)
Scrolls
 h - 3 scrolls of remove curse {unknown}
Potions
 f - a potion of haste
 g - a potion of curing {unknown}
 n - a potion of heal wounds
 o - a potion of might {unknown}
 p - a potion of brilliance {unknown}
Books
 b - a book of Minor Magic

   Spells                             Type                      Level
   a - Magic Dart                     Conjuration                  1
   b - Blink                          Translocation                2
   c - Call Imp                       Summoning                    2
   d - Slow                           Hexes                        2
   e - Conjure Flame                  Conjuration/Fire             3
   f - Mephitic Cloud                 Conjuration/Poison/Air       3
Comestibles
 c - 3 bread rations
 i - 2 royal jellies
 j - 2 meat rations
 k - 3 fruits


   Skills:
 - Level 1.7(1.5) Dodging
 + Level 1.7(1.5) Stealth
 - Level 3.2(3.0) Spellcasting
 - Level 4.9(4.6) Conjurations
   Level 1.0(0.7) Summonings
 - Level 1.0(0.7) Translocations


You had one spell level left.
You knew the following spells:

 Your Spells              Type           Power        Failure   Level  Hunger
a - Magic Dart            Conj           ###.         1%          1    None
b - Conjure Flame         Conj/Fire      ##......     16%         3    ###....
c - Mephitic Cloud        Conj/Pois/Air  #.......     22%         3    ###....
d - Blink                 Tloc           N/A          16%         2    ##.....


Dungeon Overview and Level Annotations

Branches:
Dungeon (3/15)

Altars:
Nemelex Xobeh

Annotations:
D:3 dscm's ghost, weakling DsMo


Innate Abilities, Weirdness & Mutations

Your plain brown scales are hard. (AC +5)
You cannot fit into any form of body armour.
You are cold-blooded and may be slowed by cold attacks.


Message History

Something smites you!
* * * LOW HITPOINT WARNING * * *
Huge Dmg: -42%(-16hp) hp: 8%(3hp)
You feel much better.
Found a robe.
A starcursed mass comes into view.
You hit the starcursed mass but do no damage.
A starcursed mass splits.
The starcursed mass engulfs you!
* * * LOW HITPOINT WARNING * * *
Huge Dmg: -32%(-12hp) hp: 29%(11hp)
A starcursed mass splits.
A tentacled starspawn comes into view.
The tentacled starspawn moves out of view.
A chorus of shrieks assaults your mind.
* * * LOW HITPOINT WARNING * * *
A starcursed mass splits. x2
Huge Dmg: -23%(-9hp) hp: 6%(2hp)
An eye of draining and a chaos spawn come into view.
Are you sure you want to abandon this character and quit the game? (Confirm with "yes".)

........#..
.#.. #. # .
...... #..###
#G .....#.#
###.# # # #..
#..##.#....# ..
... #..#.X#..#
.#. ##.#
###.X.#..# #...
#...####.X.#
#..XXX.##
##.#.....#.#
#####X# .
#....@### ..# #
#
##......###...#
#X#. #...#.#4.#
..... ###.
####..#.##
....# #. ##. .
..#... # # ..
.#..#. . #. ..#
.. .


You could see a starcursed mass, a tentacled starspawn, an eye of draining
(wandering) and a chaos spawn (wandering).

Vanquished Creatures
  Terence (D:2)
  A gnoll (D:3)
  5 adders
  2 worms (D:2)
  3 dart slugs
  3 leopard geckos
  An orc (D:3)
  3 bats
  2 giant cockroaches
  11 goblins
  8 hobgoblins
  7 jackals (D:1)
  6 kobolds
  2 quokkas (D:3)
  4 frilled lizards
  7 rats
66 creatures vanquished.

Notes
Turn   | Place    | Note
-------+----------+-------------------------------------------
     0 | D:1      | Monsterracer the Draconian Wizard began the quest for the Orb.
     0 | D:1      | Reached XP level 1. HP: 14/14 MP: 4/4
    48 | D:1      | Noticed a polar bear
    48 | D:1      | Noticed a seven-headed hydra
    48 | D:1      | Noticed a water moccasin
    48 | D:1      | Noticed a wolf
    48 | D:1      | Noticed a swamp worm
   104 | D:1      | HP: 4/14 [hobgoblin/club (5)]
   331 | D:1      | Reached skill level 2 in Conjurations
   368 | D:1      | Reached XP level 2. HP: 20/20 MP: 4/6
   716 | D:1      | HP: 9/20 [jackal (3)]
   723 | D:1      | HP: 9/20 [jackal (1)]
   767 | D:1      | Reached skill level 3 in Conjurations
   871 | D:1      | Reached XP level 3. HP: 19/26 MP: 4/7
   876 | D:1      | Learned a level 3 spell: Conjure Flame
   880 | D:1      | Learned a level 3 spell: Mephitic Cloud
  1554 | D:2      | Found a faded altar of an unknown god.
  1586 | D:2      | Became a worshipper of Nemelex Xobeh the Trickster
  1586 | D:2      | Received a gift from Nemelex Xobeh
  1586 | D:2      | Reached * piety under Nemelex Xobeh
  1592 | D:2      | Fell from the grace of Nemelex Xobeh
  1599 | D:2      | Became a worshipper of Nemelex Xobeh the Trickster
  1600 | D:2      | Fell from the grace of Nemelex Xobeh
  1864 | D:2      | Reached XP level 4. HP: 31/33 MP: 1/8
  1929 | D:2      | Learned a level 2 spell: Blink
  2046 | D:2      | Reached skill level 4 in Conjurations
  2437 | D:3      | Noticed Terence
  2508 | D:2      | HP: 15/33 [Terence/flail (9)]
  2514 | D:2      | Killed Terence
  2736 | D:3      | Noticed dscm's ghost (weakling DsMo)
  2925 | D:3      | HP: 9/33 [dscm's ghost (8)]
  2926 | D:3      | HP: 1/33 [dscm's ghost (8)]
  3337 | D:3      | Reached XP level 5. HP: 38/38 MP: 3/9
  3633 | D:3      | HP: 12/38 [dscm's ghost (9)]
  3640 | D:3      | HP: 6/38 [dscm's ghost (7)]
  3734 | D:2      | Noticed a thrashing horror
  3734 | D:2      | Cast into level 2 of the Abyss (Lugonu's touch)
  3740 | Abyss:2  | Found an opulent altar of Gozag.
  3755 | Abyss:2  | Noticed a large abomination
  3768 | Abyss:2  | Found an opulent altar of Gozag.
  3814 | Abyss:2  | Noticed a large abomination
  3820 | Abyss:2  | Noticed a smoke demon
  3822 | Abyss:2  | HP: 14/38 [smoke demon/divine providence (14)]
  3830 | Abyss:2  | Noticed a spatial vortex
  3835 | Abyss:2  | HP: 6/38 [smoke demon/divine providence (9)]
  3843 | Abyss:2  | HP: 3/38 [smoke demon/divine providence (16)]
  3860 | Abyss:2  | Noticed a starcursed mass
  3865 | Abyss:2  | HP: 11/38 [starcursed mass (12)]
  3869 | Abyss:2  | Noticed a tentacled starspawn
  3870 | Abyss:2  | HP: 2/38 [starcursed mass/accursed screaming (9)]
  3878 | Abyss:2  | Noticed a chaos spawn
  3878 | Abyss:2  | Noticed an eye of draining
  3879 | Abyss:2  | Quit the game

Skill      XL: |  1  2  3  4 |
---------------+-------------+-----
Conjurations   | 2 3 4 |  4.9
Dodging        | |  1.7
Stealth        | |  1.7
Spellcasting   | |  3.2
Summonings     | |  1.0
Translocations | |  1.0

Action                   |  1- 3 |  4- 6 || total
-------------------------+-------+-------++-------
Melee: Dagger            |    42 |    55 ||    97
       Tailslap          |     4 |     6 ||    10
       Unarmed           |     1 |       ||     1
       Spear             |       |     6 ||     6
       Long sword        |       |     1 ||     1
 Cast: Magic Dart        |    87 |    89 ||   176
       Conjure Flame     |       |     3 ||     3
Invok: Renounce Religion |     2 |       ||     2
  Use: Scroll            |       |     6 ||     6
       Potion            |       |     3 ||     3
  Eat: Chunk             |     3 |     5 ||     8
       Fruit             |       |     1 ||     1
Armor: Skin              |    15 |    14 ||    29
Dodge: Dodged            |    38 |    68 ||   106
